 Dungeon Crawl Stone Soup version 0.31-a0-102-g33a4ccc0cb (webtiles) character file.

Game seed: 14773775983853728936

81876 voltaire321 the Nimble (level 15, -5/117 HPs)
             Began as a Merfolk Ice Elementalist on May 26, 2023.
             Was the Champion of Wu Jian.
             Killed from afar by a starcursed mass (11 damage)
             ... with an accursed screaming
             ... on level 4 of the Abyss.
             The game lasted 01:29:47 (21787 turns).

voltaire321 the Nimble (Merfolk Ice Elementalist)  Turns: 21787, Time: 01:29:48

Health: -5/117     AC: 23    Str: 14      XL:     15   Next: 71%
Magic:  19/27      EV: 21    Int: 13 (14) God:    Wu Jian [******]
Gold:   1842       SH: 13    Dex: 23      Spells: 14/31 levels left

rFire   . . .        P - +8 whip "Snakebite" {venom, curare, rPois}
rCold   . . .        M - +0 kite shield
rNeg    . . .        B - +6 scale mail "Untuasiob" {Contam Regen+ rCorr Dex+6}
rPois   +            u - +0 helmet
rElec   .            G - +2 cloak {Will+}
rCorr   +            s - +1 pair of gloves
SInv    .            r - +0 pair of boots
Will    ++...        R - amulet of regeneration
Stlth   ++++         W - ring of wizardry
HPRegen 0.00/turn    F - +5 ring of evasion
MPRegen 0.20/turn

%: wizardry (x1)
@: about to teleport, sick
A: (nimble swimmer 2), mertail, inability to read after injury 1
a: Renounce Religion, Wall Jump, Serpent's Lash, Heavenly Storm


You were on level 4 of the Abyss.
You worshipped Wu Jian.
Wu Jian was exalted by your worship.
You visited 4 branches of the dungeon, and saw 22 of its levels.
You visited the Abyss 1 time.
You also visited: Sewer, Bailey and Ice Cave.

You collected 2090 gold pieces.
You spent 248 gold pieces at shops.

Inventory:

Hand Weapons
 a - a +1 eveningstar of protection
 h - the +10 dagger "Wickus" {speed, rPois rF+ rN+}
   (You found it on level 4 of the Dungeon)

   rF:        It protects you from fire.
   rPois:     It protects you from poison.
   rN:        It protects you from negative energy.
 E - a +1 rapier of draining
 P - the +8 whip "Snakebite" (weapon) {venom, curare, rPois}
   (You found it on level 8 of the Dungeon)

   rPois:     It protects you from poison.
Missiles
 y - 15 poisoned darts
 L - 3 throwing nets
 U - 5 curare-tipped darts (quivered)
Armour
 r - a +0 pair of boots (worn)
 s - a +1 pair of gloves (worn)
 u - a +0 helmet (worn)
 B - the +6 scale mail "Untuasiob" (worn) {Contam Regen+ rCorr Dex+6}
   (You found it on level 4 of the Lair of Beasts)

   Dex:       It affects your dexterity (+6).
   Contam:    It causes magical contamination when unequipped.
   Regen:     It increases your rate of health regeneration.
   rCorr:     It protects you from acid and corrosion.
 G - a +2 cloak of willpower (worn)
 I - a +3 leather armour of poison resistance
 J - a +0 ring mail of cold resistance
 M - a +0 kite shield (worn)
Magical Staves
 H - the staff of cold "Kekluep" {rC+ Will+ Dex+4 Stlth-}
   (You found it in a bailey)

   [staff of cold]

   Base accuracy: +5 Base damage: 5 Base attack delay: 1.2 This weapon's minimum
   attack delay (0.6) is reached at skill level 12.
   Dex:       It affects your dexterity (+4).
   rC:        It protects you from cold.
   Will:      It increases your willpower.
   Stlth:     It makes you less stealthy.
   It falls into the 'Staves' category.
   It is a one-handed weapon.
Jewellery
 t - a +4 ring of protection
 z - a ring of flight
 F - a +5 ring of evasion (right hand)
 O - a ring of resist corrosion
 R - an amulet of regeneration (around neck)
 W - a ring of wizardry (left hand)
Wands
 v - a wand of roots (9)
 A - a wand of flame (28)
 C - a wand of light (12)
 D - a wand of digging (1)
 Q - a wand of mindburst (15)
Scrolls
 d - 10 scrolls of identify
 f - a scroll of poison
 g - 3 scrolls of enchant armour
 n - 4 scrolls of teleportation
 p - 3 scrolls of enchant weapon
 q - 2 scrolls of fear
 S - a scroll of amnesia
 T - 2 scrolls of magic mapping
Potions
 b - 4 potions of magic
 e - a potion of resistance
 i - a potion of brilliance
 j - 5 potions of curing
 l - a potion of lignification
 m - 2 potions of might
 o - 3 potions of enlightenment
 w - 3 potions of haste
 x - a potion of cancellation
 K - 4 potions of mutation


   Skills:
 + Level 10.6 Fighting
 - Level 6.1 Short Blades
 + Level 6.4 Maces & Flails
 * Level 9.3 Armour
 + Level 12.5 Dodging
 - Level 10.0 Stealth
 * Level 10.5 Shields
 + Level 8.5 Spellcasting
 - Level 5.0 Hexes
 + Level 0.6 Summonings
 + Level 11.4 Ice Magic


You had 14 spell levels left.
You knew the following spells:

 Your Spells              Type           Power      Damage    Failure   Level
a - Ensorcelled Hibernat  Hex/Ice        48%        N/A       3%          2
b - Frozen Ramparts       Ice            70%        1d11      1%          3
c - Ozocubu's Armour      Ice            35%        N/A       1%          3
d - Apportation           Tloc           10%        N/A       36%         1
e - Freeze                Ice            100%       1d10      1%          1
f - Summon Ice Beast      Ice/Summ       18%        N/A       43%         4
g - Hailstorm             Conj/Ice       17%        3d6       17%         3

Your spell library contained the following spells:

 Spells                   Type           Power      Damage    Failure   Level
 Summon Small Mammal      Summ           28%        N/A       28%         1
 Necrotise                Necr           20%        1d5       36%         1
 Static Discharge         Conj/Air       4%         2-3/arc   65%         2
 Spider Form              Tmut/Pois      2%         N/A       86%         3
 Volatile Blastmotes      Fire/Tloc      4%         2d10      86%         3
 Anguish                  Hex/Necr       4%         N/A       89%         4
 Fulminant Prism          Conj/Hex       4%         3d5       89%         4
 Airstrike                Air            2%         2d(1-17)  98%         4
 Animate Armour           Summ/Erth      6%         N/A       99%         4
 Iskenderun's Mystic Bla  Conj/Tloc      2%         2d3       99%         4
 Summon Lightning Spire   Summ/Air       3%         N/A       99%         4
 Alistair's Intoxication  Tmut/Pois      1%         N/A       100%        5
 Blade Hands              Tmut           2%         N/A       100%        5
 Borgnjor's Vile Clutch   Necr/Erth      1%         N/A       100%        5
 Lee's Rapid Deconstruct  Erth           2%         3d5*      100%        5
 Eringya's Noxious Bog    Tmut/Pois      1%         N/A       100%        6


Dungeon Overview and Level Annotations

Branches:
Dungeon (14/15)            Temple (1/1) D:6            Lair (5/5) D:8
  Swamp (0/4) Lair:2        Snake (0/4) Lair:2        Slime (0/5) Lair:5
    Orc (2/2) D:12            Elf (0/3) Orc:2         Sewer (visited)
 Bailey (visited)           IceCv (visited)
 Vaults: D:13-14

Altars:
Ashenzari
Cheibriados
Dithmenos
Elyvilon
Fedhas
Gozag
Hepliaklqana
Kikubaaqudgha
Makhleb
Nemelex Xobeh
Okawaru
Qazlal
Ru
Sif Muna
Trog
Uskayaw
Vehumet
Wu Jian
Xom
Yredelemnul
Zin
The Shining One

Shops:
D:10 (   Orc:2 =([**

Portals:
Abyss: Orc:1

Annotations:
D:8 1 runed translucent door
D:14 1 runed translucent door
Orc:1 2 transporters, Soesoew's ghost, journeyman MiFi


Innate Abilities, Weirdness & Mutations

((You are very nimble when in or above water. (Stealth+, EV+, Speed+++)))
Your lower body shifts to a powerful aquatic tail in water.
You occasionally lose the ability to read scrolls when taking damage.


Message History

A starcursed mass splits.
You hit the starcursed mass but do no damage.
The starcursed mass is moderately damaged.
The wall freezes the starcursed mass.
The starcursed mass shudders and is absorbed by its neighbour.
A starcursed mass splits.
The wall freezes the starcursed mass.
The starcursed mass touches you but does no damage.
The starcursed mass shudders and is absorbed by its neighbour.
Your frozen ramparts will break if you move.
Continue?
The frozen ramparts melt away as you move.
You lunge at the starcursed mass.
You whack the starcursed mass!
The starcursed mass is heavily damaged.
The starcursed mass shudders and is absorbed by its neighbour.
You hit the starcursed mass but do no damage.
The starcursed mass is heavily damaged.
A chorus of shrieks assaults your mind.
* * * LOW HITPOINT WARNING * * *
You hit the starcursed mass.
The starcursed mass is heavily damaged.
You block the starcursed mass's attack.
You completely miss the starcursed mass.
The starcursed mass is heavily damaged.
A chorus of shrieks assaults your mind.
* * * LOW HITPOINT WARNING * * *
A starcursed mass splits.
You whack the starcursed mass!
The starcursed mass is severely damaged.
The starcursed mass shudders and is absorbed by its neighbour.
A starcursed mass splits.
A chorus of shrieks assaults your mind.
* * * LOW HITPOINT WARNING * * *
A starcursed mass splits.
You can't see any enemies this would affect, really read the scroll of fear?
Okay, then.
Okay, then.
As you read the scroll of teleportation, it crumbles to dust.
You feel strangely unstable.
You feel the power of the Abyss delaying your translocation!
A chorus of shrieks assaults your mind.
You die...

# ##.#
###.... #.
#####...#
#.#..#@..#
..#X###X#
.... ##X##
#.# ###
#.# ..#
.X# .X# #.
#.## X.
#.# #. ##
# #. . .
.#


You could see 4 starcursed masses.

Vanquished Creatures
  Saint Roka (Orc:2)
  Rupert (Orc:2)
  Gastronok (Lair:2)
  2 orc warlords
  A fire dragon (Lair:5)
  Harold (D:11)
  A rakshasa (Abyss:4)
  4 hydras
  5 two-headed ogres
  2 centaur warriors (D:13)
  6 death yaks (Lair:3)
  A boulder beetle (D:12)
  A tengu warrior (D:8)
  An orc high priest (Orc:2)
  A wretched star (Abyss:4)
  Sonja (Orc:2)
  2 skysharks (Lair:5)
  A lindwurm (Lair:5)
  A steelbarb worm (shapeshifter) (D:13)
  4 deep elf pyromancers
  4 orc sorcerers (Orc:2)
  A worldbinder (Abyss:4)
  3 orc knights (Orc:2)
  3 cyclopes
  A manticore (D:11)
  An ugly thing (D:8)
  5 centaur zombies (D:10)
  An apocalypse crab (Abyss:4)
  9 black mambas
  18 elephants
  3 molten gargoyles (Lair:5)
  2 torpor snails
  An unseen horror zombie (D:10)
  9 cane toads
  A gargoyle (Bailey)
  2 kobold demonologists (D:9)
  A rime drake (Lair:5)
  2 unseen horrors
  Psyche (D:9)
  13 komodo dragons
  An ancient zyme (Abyss:4)
  7 trolls
  An ice devil (Abyss:4)
  2 polar bears
  4 raiju (Abyss:4)
  25 blink frogs
  3 slime creatures (D:13)
  A wraith (D:10)
  2 shadows (D:12)
  A vampire (Bailey)
  43 yaks
  7 wyverns
  3 steam dragons
  13 vampire mosquitoes
  8 basilisks
  4 nagas (Lair:2)
  3 wargs (Orc:1)
  A swamp worm (Lair:2)
  An acid dragon (D:10)
  11 water moccasins
  A small abomination (Abyss:4)
  4 hell hounds (Lair:5)
  5 black bears
  2 ice beasts
  31 orc warriors
  A sky beast (D:7)
  8 ogres
  9 centaurs
  13 wolves
  A phantom (D:5)
  A kobold brigand (D:9)
  14 bullfrogs
  2 necrophages (D:10)
  4 scorpions
  11 wights
  7 vampire bats (Bailey)
  3 killer bees (D:11)
  5 howler monkeys
  5 wolf zombies (Bailey)
  6 electric eels
  A jelly (D:3)
  7 lava snakes
  2 hounds (D:5)
  10 orc priests
  A human zombie (D:10)
  A sleepcap (D:5)
  Terence (D:2)
  Natasha (twice) (D:2)
  5 iguanas
  2 scorpion zombies (D:4)
  19 orc wizards
  A polar bear simulacrum (IceCv)
  2 wolf simulacra (IceCv)
  A mummy (D:10)
  7 adders
  A river rat (D:4)
  A shadow imp (D:6)
  14 white imps
  4 worms
  6 dart slugs
  The ghost of domi the Grasshopper, a weakling SpWr (D:4)
  41 orcs
  6 bats
  17 endoplasms
  6 giant cockroaches
  6 goblins
  9 hobgoblins
  3 jackals (D:4)
  11 quokkas
  20 ball pythons
  11 frilled lizards
  13 kobolds
  22 orc zombies (Bailey)
  3 rats
650 creatures vanquished.

Vanquished Creatures (others)
  A howler monkey (D:7)
  4 starspawn tentacles (Abyss:4)
5 creatures vanquished.

Grand Total: 655 creatures vanquished

Notes
Turn   | Place    | Note
-------+----------+-------------------------------------------
     0 | D:1      | voltaire321 the Merfolk Ice Elementalist began the quest
                  | for the Orb.
     0 | D:1      | Reached XP level 1. HP: 13/13 MP: 3/3
   414 | D:1      | Reached XP level 2. HP: 20/20 MP: 3/5
   810 | D:1      | Reached skill level 3 in Dodging
  1028 | D:1      | Reached skill level 1 in Fighting
  1309 | D:2      | Noticed Natasha
  1317 | D:2      | Killed Natasha
  1318 | D:2      | Reached XP level 3. HP: 18/26 MP: 6/6
  1703 | D:2      | Noticed Natasha
  1717 | D:2      | Killed Natasha
  1718 | D:2      | Reached skill level 1 in Armour
  1718 | D:2      | Reached XP level 4. HP: 13/32 MP: 3/7
  1825 | D:2      | Noticed Terence
  1832 | D:2      | Learned a level 3 spell: Frozen Ramparts
  1836 | D:2      | Learned a level 3 spell: Ozocubu's Armour
  1848 | D:2      | Killed Terence
  2076 | D:2      | You fall into a shaft and drop 1 floor!
  2100 | D:3      | Reached XP level 5. HP: 38/38 MP: 8/8
  2569 | D:3      | Found a faded altar of an unknown god.
  2685 | D:3      | Found a sacrificial altar of Ru.
  3219 | D:3      | Reached skill level 5 in Ice Magic
  3429 | D:4      | Reached skill level 4 in Dodging
  3429 | D:4      | Reached XP level 6. HP: 37/46 MP: 4/10
  3514 | D:4      | Identified the +10 dagger "Wickus" {speed, rPois rF+ rN+}
  3539 | D:4      | Noticed a black bear
  3575 | D:4      | Reached XP level 7. HP: 19/52 MP: 5/11
  3593 | D:4      | Found a runed translucent gate.
  3593 | D:4      | Found a runed translucent gate.
  3593 | D:4      | Found a runed translucent gate.
  3593 | D:4      | Noticed domi's ghost (weakling SpWr)
  3594 | D:4      | Found a basalt altar of Yredelemnul.
  3791 | D:4      | Found an ornate altar of the Wu Jian Council.
  3791 | D:4      | Found a snail-covered altar of Cheibriados.
  3795 | D:4      | Became a worshipper of the Wu Jian Council
  3909 | D:4      | Found a glowing drain.
  3913 | Sewer    | Entered a sewer
  4049 | Sewer    | Reached * piety under Wu Jian
  4112 | Sewer    | Reached skill level 5 in Dodging
  4349 | D:4      | Reached XP level 8. HP: 50/60 MP: 10/13
  4388 | D:4      | Killed domi's ghost
  4893 | D:5      | Entered Level 5 of the Dungeon
  5010 | D:5      | Reached ** piety under Wu Jian
  5033 | D:5      | Reached skill level 1 in Short Blades
  5033 | D:5      | Reached skill level 5 in Stealth
  5459 | D:6      | Reached skill level 6 in Dodging
  5630 | D:6      | Reached XP level 9. HP: 43/67 MP: 11/15
  5771 | D:6      | Found a staircase to the Ecumenical Temple.
  5794 | Temple   | Entered the Ecumenical Temple
  6080 | D:6      | Found a glowing silver altar of Zin.
  6131 | D:6      | Reached skill level 5 in Fighting
  6541 | D:6      | Found a white marble altar of Elyvilon.
  6591 | D:6      | Found an opulent altar of Gozag.
  6630 | D:7      | Noticed a two-headed ogre
  6651 | D:7      | Killed a two-headed ogre
  6652 | D:7      | Reached skill level 7 in Dodging
  6653 | D:7      | Reached skill level 5 in Spellcasting
  6657 | D:7      | Found a flagged portal.
  6674 | D:7      | Reached *** piety under Wu Jian
  6690 | Bailey   | Entered a bailey
  6807 | Bailey   | Reached XP level 10. HP: 73/76 MP: 14/17
  7085 | Bailey   | Noticed a gargoyle
  7107 | Bailey   | Killed a gargoyle
  7107 | Bailey   | Reached **** piety under Wu Jian
  7445 | Bailey   | Reached skill level 5 in Short Blades
  7447 | Bailey   | Identified the staff of cold "Kekluep" {rC+ Will+ Dex+4
                  | Stlth-}
  8015 | D:8      | Noticed a two-headed ogre
  8015 | D:8      | Noticed a tengu warrior
  8015 | D:8      | Noticed a cyclops
  8015 | D:8      | Found the +8 whip "Snakebite" {venom, curare, rPois}
  8016 | D:8      | Noticed a deep elf pyromancer
  8017 | D:8      | Noticed a white ugly thing
  8028 | D:8      | Reached skill level 8 in Dodging
  8032 | D:8      | Killed a cyclops
  8033 | D:8      | Reached skill level 1 in Shields
  8042 | D:8      | Killed a two-headed ogre
  8043 | D:8      | Killed a tengu warrior
  8053 | D:8      | Killed a white ugly thing
  8054 | D:8      | Reached XP level 11. HP: 21/83 MP: 9/19
  8057 | D:8      | Killed a deep elf pyromancer
  8058 | D:8      | Reached skill level 5 in Armour
  8341 | D:8      | Learned a level 1 spell: Apportation
  8376 | D:8      | Found a staircase to the Lair.
  8467 | D:8      | Found a runed translucent door.
  8469 | D:8      | Noticed a cyclops
  8471 | D:8      | Noticed a centaur warrior
  8694 | D:8      | Learned a level 2 spell: Ensorcelled Hibernation
  9031 | D:9      | Found a bloodstained altar of Trog.
  9229 | D:9      | Noticed a soul eater
  9234 | D:9      | Reached skill level 1 in Hexes
  9710 | D:9      | Noticed Psyche
  9781 | D:9      | Killed Psyche
 10121 | D:10     | Entered Level 10 of the Dungeon
 10477 | D:10     | Found Rootim's Weapon Shoppe.
 10477 | D:10     | Noticed a cyclops
 10834 | D:10     | Noticed a deep elf pyromancer
 10835 | D:10     | Noticed a boulder beetle
 10835 | D:10     | Noticed a cyclops
 10847 | D:10     | Noticed a two-headed ogre
 10853 | D:10     | Killed a two-headed ogre
 10854 | D:10     | Reached skill level 9 in Dodging
 10983 | D:10     | Noticed a cyan ugly thing
 10983 | D:10     | Noticed a cyclops
 10998 | D:10     | Noticed a manticore
 11001 | D:10     | Noticed a boulder beetle
 11236 | D:10     | Found an ancient bone altar of Kikubaaqudgha.
 11273 | D:10     | Reached skill level 5 in Shields
 11361 | D:8      | Reached XP level 12. HP: 91/91 MP: 21/21
 11372 | Lair:1   | Entered Level 1 of the Lair of Beasts
 11419 | Lair:1   | Reached ***** piety under Wu Jian
 11998 | Lair:1   | Reached skill level 1 in Maces & Flails
 12485 | Lair:2   | Found a staircase to the Snake Pit.
 12523 | Lair:2   | Reached skill level 10 in Dodging
 12852 | Lair:2   | Noticed Gastronok
 12874 | Lair:2   | Killed Gastronok
 12875 | Lair:2   | Reached XP level 13. HP: 91/99 MP: 10/23
 13033 | Lair:2   | Found a staircase to the Swamp.
 13924 | Lair:3   | Reached skill level 5 in Hexes
 14045 | Lair:3   | Reached ****** piety under Wu Jian
 14134 | Lair:3   | Reached skill level 10 in Ice Magic
 14799 | Lair:4   | Identified the +6 scale mail "Untuasiob" {Contam Regen+
                  | rCorr Dex+6}
 15161 | Lair:4   | Reached skill level 11 in Dodging
 15161 | Lair:4   | Reached XP level 14. HP: 108/108 MP: 25/25
 15268 | Lair:5   | Entered Level 5 of the Lair of Beasts
 15275 | Lair:5   | Reached skill level 10 in Stealth
 15297 | Lair:5   | Found a staircase to the Slime Pits.
 15610 | Lair:5   | Found a frozen archway.
 15651 | IceCv    | Entered an ice cave
 15857 | Lair:5   | Reached skill level 5 in Maces & Flails
 15937 | Lair:5   | Identified the +1 plate armour "Tuomum" {Drain Will+ Str+3}
 16084 | Lair:5   | Found a large runed translucent door.
 16229 | Lair:5   | Found a large runed translucent door.
 17786 | D:11     | Noticed Harold
 17794 | D:11     | Killed Harold
 18443 | D:12     | Reached skill level 10 in Fighting
 18522 | D:12     | Found a staircase to the Orcish Mines.
 18710 | D:12     | Found a glowing silver altar of Zin.
 19051 | Orc:1    | Entered Level 1 of the Orcish Mines
 19070 | Orc:1    | Reached XP level 15. HP: 115/115 MP: 27/27
 19122 | Orc:1    | Found a one-way gate to the infinite horrors of the Abyss.
 19122 | Orc:1    | Found a transporter.
 19122 | Orc:1    | Noticed Soesoew's ghost (journeyman MiFi)
 19127 | Orc:1    | Found a transporter.
 19261 | Orc:1    | Noticed an orc warlord
 19294 | Orc:1    | Killed an orc warlord
 19626 | Orc:2    | Entered Level 2 of the Orcish Mines
 19627 | Orc:2    | Found Nizxuiq's Antique Armour Shoppe.
 19639 | Orc:2    | Reached skill level 12 in Dodging
 19747 | Orc:2    | Noticed Rupert
 19771 | Orc:2    | Killed Rupert
 19837 | Orc:2    | Paralysed by an orc sorcerer for 3 turns
 19989 | Orc:2    | Noticed Sonja
 20005 | Orc:2    | Killed Sonja
 20051 | Orc:2    | Found Ossup's General Store.
 20191 | Orc:2    | Found a staircase to the Elven Halls.
 20211 | Orc:2    | Found Lumn's General Store.
 20277 | Orc:2    | Noticed an orc warlord
 20278 | Orc:2    | Found Caobe's Antique Weapon Emporium.
 20293 | Orc:2    | Reached skill level 10 in Shields
 20307 | Orc:2    | Killed an orc warlord
 20375 | Orc:2    | Noticed Saint Roka
 20397 | Orc:2    | Gained mutation: You occasionally lose the ability to read
                  | scrolls when taking damage. [a neqoxec]
 20440 | Orc:2    | Killed Saint Roka
 20521 | Orc:2    | Found Udirhu's Jewellery Boutique.
 20784 | Orc:2    | Bought a runed scarf for 248 gold pieces
 21385 | D:13     | Learned a level 4 spell: Summon Ice Beast
 21389 | D:13     | Learned a level 3 spell: Hailstorm
 21415 | D:14     | Found a runed translucent door.
 21461 | Abyss:2  | Found a corrupted altar of Lugonu.
 21461 | Abyss:2  | Cast into level 2 of the Abyss (a wizard)
 21475 | Abyss:2  | Found a corrupted altar of Lugonu.
 21643 | Abyss:4  | Found a corrupted altar of Lugonu.
 21700 | Abyss:4  | Noticed a tentacled starspawn
 21715 | Abyss:4  | Paralysed by accursed screaming for 1 turns
 21787 | Abyss:4  | Killed from afar by a starcursed mass

Illustrated notes

Levels and vault maps discovered:
D:1:      beargit_arrival_diablo_church, layout_loops_corners,
          chequers_arboretum
D:2:      layout_basic, uniq_natasha, uniq_terence
D:3:      layout_basic, hangedman_ru_absence, ebering_ecumenical_altar_hall,
          hex_tiny, minmay_fractal_squares_diagonal_5
D:4:      minmay_opposing_rooms, layout_rooms,
          gammafunk_temple_overflow_elements, nicolae_yredelemnul_ghost_church,
          gup_sewer_entry_spiral, minmay_misc_feat_four_crosses,
          kennysheep_nondescript
D:5:      layout_rooms
D:6:      layout_basic, pdpol_temple_overflow_zin_treasury_gozag_greed,
          lemuel_coloured_pillars_altar, minmay_temple_entry_mist,
          grunt_ministairs_1, chequers_garden
D:7:      layout_rooms, enter_bailey_2
D:8:      minmay_the_grid_triangle_9x9_recursive_2
          [minmay_the_grid_triangle_9x9_prize_top_heavy,
          minmay_the_grid_triangle_9x9_limited_checkers,
          minmay_the_grid_triangle_9x9_longest,
          minmay_the_grid_triangle_9x9_subtriangle], layout_basic,
          amcnicky_mini_pool_small, minmay_statues_item
D:9:      layout_gridville, mainiacjoe_overflow_boulevard, uniq_psyche
D:10:     layout_loops_ring, lemuel_mausoleum_altar_kikubaaqudgha, serial_shops,
          nicolae_shop_waterfront, minivault_12
D:11:     layout_stronghold, unseen_surprise_small, uniq_harold
D:12:     layout_long_grid, orc_0_dummy, zin_academy
D:13:     layout_basic
D:14:     layout_roguey, ximxim_vaults_locker_room,
          nicolae_ashenzari_panopticon, minmay_statue_crystal_thing
Temple:   cyrus_circular_temple
Lair:1:   layout_loops_ring, nicolae_lair_liquid_snakes,
          infiniplex_staircase_pool_2, serial_bayou_shore_b
Lair:2:   layout_hall_layers, palyth_hydra_swamp_entry,
          guppyfry_snake_entry_island, grunt_megastairs_5, uniq_gastronok
Lair:3:   layout_roguey, chequers_serial_rivers_small_a, grunt_megastairs_3
Lair:4:   layout_long_grid, serial_bayou_shore_a
Lair:5:   cheibrodos_lair_end_hotspot, layout_cave_pods,
          nicolae_slime_entry_slimehenge, portal_ice_cave_entry_imps
Orc:1:    layout_caves, gammafunk_ghost_abyssal_escape
Orc:2:    grunt_orc_gardens, layout_diamond_mine, grunt_orc_garden,
          grunt_orc_garden, grunt_orc_garden, grunt_orc_garden, serial_shops,
          nicolae_shop_rolling_square, uniq_saint_roka, uniq_sonja, uniq_rupert
Abyss:4:  base: D:9, base: D:4, base:
D:15

Skill      XL: |  1  2  3  4  5  6  7  8  9 10 11 12 13 14 15 |
---------------+----------------------------------------------+-----
Dodging        | 3 4 5 6 7 8 9 10 11 12 | 12.5
Fighting       | 1 2 3 4 5 6 7 8 9 10 | 10.6
Armour         | 1 2 3 4 5 6 7 8 9 |  9.3
Stealth        | 3 4 5 6 7 8 9 10 | 10.0
Ice Magic      | 5 6 7 8 9 10 11 | 11.4
Spellcasting   | 3 4 5 6 7 8 |  8.5
Short Blades   | 2 4 5 6 |  6.1
Shields        | 3 5 6 8 9 10 | 10.5
Hexes          | 3 4 5 |  5.0
Maces & Flails | 2 4 6 |  6.4
Summonings     | |  0.6

Action                     |  1- 3 |  4- 6 |  7- 9 | 10-12 | 13-15 || total
---------------------------+-------+-------+-------+-------+-------++-------
  Melee: Short sword       |    40 |    96 |       |       |       ||   136
         Dagger            |     9 |     7 |   311 |   352 |    51 ||   730
         Tailslap          |       |       |     6 |       |     1 ||     7
         Punch             |       |       |     2 |     1 |       ||     3
         Whip              |       |       |       |   228 |  1232 ||  1460
  Throw: Dart              |       |       |     9 |     3 |     4 ||    16
   Cast: Freeze            |    17 |     9 |       |       |       ||    26
         Frozen Ramparts   |       |     8 |    21 |    30 |    71 ||   130
         Ozocubu's Armour  |       |     5 |     7 |    14 |    24 ||    50
         Ensorcelled Hiber |       |       |       |       |     2 ||     2
Ability: Lunge             |       |       |    31 |    38 |    52 ||   121
         Whirlwind         |       |       |     9 |    60 |   146 ||   215
  Evoke: Wand              |       |     1 |     3 |     9 |     5 ||    18
    Use: Scroll            |       |     6 |     2 |    18 |     8 ||    34
         Potion            |       |     1 |     2 |     5 |     6 ||    14
   Stab: Sleeping          |     6 |     5 |    22 |    16 |    25 ||    74
         Distracted        |       |       |     1 |       |     2 ||     3
         Invisible         |       |       |       |     3 |       ||     3
 Armour: Robe              |    10 |    16 |    50 |    17 |       ||    93
         Ring mail         |       |       |       |    55 |       ||    55
         Acid dragon scale |       |       |       |    83 |    70 ||   153
         Skin              |       |       |       |     1 |       ||     1
         Scale mail        |       |       |       |       |   308 ||   308
  Dodge: Dodged            |    23 |    76 |   136 |   475 |   861 ||  1571
  Block: Kite shield       |       |       |       |    84 |   799 ||   883

Table legend: (Time is in decaauts)
 A = Elapsed time spent in this place.
 B = Non-inter-level travel time spent in this place.
 C = Inter-level travel time spent in this place.
 D = Time resting spent in this place.
 E = Time spent auto-exploring this place.
 F = Levels seen in this place.
 G = Mean time per level.
                   A        B        C        D        E       F      G
               +--------+--------+--------+--------+--------+-----+--------+
         Total |  21461 |  20263 |   1198 |   3430 |  10533 |  28 |  766.5 |
       Dungeon |  12569 |  11763 |    806 |   2287 |   6581 |  14 |  897.8 |
        Temple |     72 |     72 |      0 |      0 |     55 |   1 |   72.0 |
          Lair |   5762 |   5432 |    330 |    501 |   2965 |   5 | 1152.4 |
  Orcish Mines |   1741 |   1680 |     61 |    142 |    895 |   2 |  870.5 |
         Abyss |    296 |    296 |      0 |     27 |      0 |   3 |   98.7 |
         Sewer |    173 |    173 |      0 |      0 |      0 |   1 |  173.0 |
        Bailey |    815 |    815 |      0 |    473 |     37 |   1 |  815.0 |
      Ice Cave |     29 |     29 |      0 |      0 |      0 |   1 |   29.0 |
               +--------+--------+--------+--------+--------+-----+--------+

Top non-repeatable levels by time:
  Lair:5: 1776 daAuts
  Lair:2: 1353 daAuts
     D:3: 1335 daAuts
     D:1: 1329 daAuts
     D:9: 1269 daAuts
     D:4: 1201 daAuts
    D:10: 1184 daAuts
   Orc:2: 1157 daAuts
     D:6: 1118 daAuts
    D:11: 1026 daAuts
  Lair:1: 1008 daAuts
     D:8: 968 daAuts
  Lair:3: 823 daAuts
  Bailey: 815 daAuts
  Lair:4: 799 daAuts
